 Dungeon Crawl Stone Soup version 0.19.1-1-g22dce08 (console) character file.

309 Grinner the Ruffian (level 6, -20/50 HPs)
             Began as a Minotaur Transmuter on Jan 15, 2017.
             Killed themself with a badly aimed bolt of lightning (24 damage)
             ... on level 3 of the Dungeon.
             The game lasted 00:21:29 (3093 turns).

Grinner the Ruffian (Minotaur Transmuter)           Turns: 3093, Time: 00:21:29

Health: -20/50     AC:  2    Str: 15    XL:     6   Next: 17%
Magic:  8/8        EV: 12    Int: 11    God:
Gold:   243        SH:  3    Dex: 11    Spells: 1 memorised, 8 levels left

rFire  x . .     SeeInvis .       - Unarmed
rCold  + . .     Gourm    .     b - +0 robe
rNeg   + . .     Faith    .     j - +0 buckler
rPois  .         Spirit   .     (helmet restricted)
rElec  .         Reflect  .     (no cloak)
rCorr  .         Harm     +     (no gloves)
MR     .....                    (no boots)
Stlth  +.........               i - amulet of harm
                                o - ring of ice
                                l - ring of positive energy

@: lethally poisoned (-20 -> -28), flying (expiring)
A: retaliatory headbutt, horns 2
a: no special abilities


You were on level 3 of the Dungeon.
You were not hungry.

You visited 1 branch of the dungeon, and saw 3 of its levels.

You collected 243 gold pieces.

Inventory:

Missiles
 a - 86 arrows
 e - 149 stones
 k - 8 javelins (quivered)
Armour
 b - a +0 robe (worn)
 j - a +0 buckler (worn)
Jewellery
 i - an amulet of harm (around neck)
 l - a ring of positive energy (left hand)
 o - a ring of ice (right hand)
Wands
 g - a wand of random effects (33/48)
Scrolls
 h - 3 scrolls of identify
 n - a scroll of magic mapping
Books
 c - a book of Changes

   Spells                             Type                      Level
   a - Beastly Appendage              Transmutation                1
   b - Sticks to Snakes               Transmutation                2
   c - Spider Form                    Transmutation/Poison         3
   d - Ice Form                       Ice/Transmutation            4
   e - Blade Hands                    Transmutation                5
Comestibles
 d - 4 bread rations
 f - 8 fruits


   Skills:
 + Level 2.8 Fighting
 * Level 3.8 Dodging
 + Level 0.8 Shields
 + Level 4.6 Unarmed Combat
 + Level 2.1 Spellcasting
 * Level 2.9 Transmutations


You had 8 spell levels left.
You knew the following spells:

 Your Spells              Type           Power        Failure   Level  Hunger
z - Beastly Appendage     Tmut           #.....       17%         1    ##.....


Dungeon Overview and Level Annotations

Branches:
Dungeon (3/15)

Altars:
Gozag


Innate Abilities, Weirdness & Mutations

You reflexively headbutt those who attack you in melee.
You have a pair of horns on your head.


Message History

You kill the orc priest!
* * * LOW HITPOINT WARNING * * *
You feel sick. The orc hits you but does no damage.
A hobgoblin comes into view. It is wielding a club.
As you read the scroll labeled YCHYLE NIBE, it crumbles to dust.
It is a scroll of identify.
n - a scroll of magic mapping
* * * LOW HITPOINT WARNING * * *
You feel sick.
The hobgoblin shouts!
The orc hits you but does no damage. The orc completely misses you.
You furiously retaliate!
You headbutt the orc, but do no damage.
Okay, then.
Evoke which item? (* to show all) (? for menu, Esc to quit)
Zapping:
g - a wand of random effects (will waste charges)
Press: ? - help, Shift-Dir - straight line, f - you Really target yourself?
You hear a mighty clap of thunder!
The bolt of lightning hits you!
You die...

#.##.####.#
#......^..#.#
##.##.######.#
...##.### #.#
##.##...# #.# #
#.####.# #.# .###
#..###.####.# .....
#.#.........#####...#
.###..........<@og# #
#.##.#########o#.....
..# #.# ## ### #.#
#.. #. #.. # #.. #.


You could see 2 orcs and a hobgoblin.

Vanquished Creatures
  An ice beast (D:3)
  An orc priest (D:3)
  Ijyb (D:3)
  Natasha (thrice) (D:3)
  An adder (D:1)
  3 worms
  4 dart slugs
  A leopard gecko (D:2)
  3 orcs (D:3)
  3 giant cockroaches
  9 goblins
  8 hobgoblins
  4 jackals (D:3)
  A quokka (D:2)
  5 bats
  3 frilled lizards
  13 kobolds
  5 rats
69 creatures vanquished.

Notes
Turn   | Place    | Note
-------+----------+-------------------------------------------
     0 | D:1      | Grinner the Minotaur Transmuter began the quest for the Orb.
     0 | D:1      | Reached XP level 1. HP: 16/16 MP: 1/1
   294 | D:1      | Reached XP level 2. HP: 22/23 MP: 3/3
  1123 | D:2      | Reached XP level 3. HP: 24/28 MP: 4/4
  1176 | D:2      | Found an opulent altar of Gozag.
  1481 | D:2      | Reached skill level 4 in Unarmed Combat
  2263 | D:3      | Noticed an ice beast
  2280 | D:3      | Reached XP level 4. HP: 36/36 MP: 5/5
  2289 | D:3      | Killed an ice beast
  2289 | D:3      | Reached XP level 5. HP: 41/41 MP: 4/7
  2595 | D:3      | Noticed Natasha
  2605 | D:3      | Killed Natasha
  2645 | D:3      | Noticed Natasha
  2663 | D:3      | Killed Natasha
  2943 | D:3      | Noticed Natasha
  2946 | D:3      | Killed Natasha
  3073 | D:3      | Noticed Ijyb
  3086 | D:3      | Killed Ijyb
  3086 | D:3      | Reached XP level 6. HP: 23/50 MP: 8/8
  3093 | D:3      | Killed themself with a badly aimed bolt of lightning

Skill      XL: |  1  2  3  4 |
---------------+-------------+-----
Transmutations | 2 |  2.9
Unarmed Combat | 4 |  4.6
Fighting       | 2 |  2.8
Dodging        | 3 |  3.8
Spellcasting   | 2 |  2.1
Shields        | |  0.8

Action                   |  1- 3 |  4- 6 || total
-------------------------+-------+-------++-------
Melee: Unarmed           |   129 |    66 ||   195
       Headbutt          |    13 |     8 ||    21
       Kick              |       |     4 ||     4
Throw: Stone             |    13 |     9 ||    22
       Javelin           |    12 |       ||    12
 Cast: Beastly Appendage |       |     4 ||     4
  Use: Potion            |     7 |     6 ||    13
       Scroll            |       |     1 ||     1
 Stab: Invisible         |     1 |       ||     1
  Eat: Chunk             |     3 |       ||     3
       Bread ration      |     1 |       ||     1
Armor: Robe              |    24 |     6 ||    30
       Skin              |       |     6 ||     6
Dodge: Dodged            |    65 |    41 ||   106
Block: Buckler           |    16 |    15 ||    31
